 Dungeon Crawl Stone Soup version 0.28.0-53-g5a82cb258f (webtiles) character file.

Game seed: 12703977414217914977

78 MordorOrchid the Conjurer (level 4, 0/28 HPs)
             Began as an Octopode Conjurer on July 4, 2022.
             Slain by an adder (4 damage)
             ... in a sewer.
             The game lasted 00:05:33 (2673 turns).

MordorOrchid the Conjurer (Octopode Conjurer)       Turns: 2673, Time: 00:05:34

Health: 0/28       AC:  1    Str:  6    XL:     4   Next: 36%
Magic:  3/16       EV: 13    Int: 22    God:
Gold:   152        SH:  0    Dex: 10    Spells: 2/8 levels left

rFire   . . .      SeeInvis .   e - +0 quarterstaff
rCold   . . .      Faith    .   (shield currently unavailable)
rNeg    . . .      Spirit   .   (helmet restricted)
rPois   .          Reflect  .   (no amulet)
rElec   .          Harm     .   d - ring of magical power
rCorr   .          Rampage  .   (no ring)
Will    .....                   (no ring)
Stlth   +++.......              (no ring)
HPRegen 0.09/turn               (no ring)
MPRegen 0.15/turn               (no ring)
                                (no ring)
                                (no ring)

@: no status effects
A: almost no armour, amphibious, 8 rings, camouflage 1, gelatinous body 1,
(nimble swimmer 1), tentacles
a: no special abilities


You were in a sewer.
You visited 1 branch of the dungeon, and saw 4 of its levels.
You also visited: Sewer.

You collected 152 gold pieces.

Inventory:

Hand Weapons
 e - a +0 quarterstaff (weapon)
Missiles
 c - 38 bolts
 f - 3 boomerangs of dispersal
 i - 70 stones
 l - 17 sling bullets
 p - 54 arrows
Jewellery
 d - a ring of magical power (left tentacle)
Scrolls
 a - a scroll of blinking {unknown}
 b - a scroll of magic mapping {unknown}
 h - a scroll of teleportation {unknown}
 k - a scroll of fear {unknown}
 n - a scroll of brand weapon {unknown}
Potions
 g - a potion of magic
 m - 3 potions of flight {unknown}
 o - 2 potions of degeneration {unknown}
 q - 2 potions of mutation {unknown}


   Skills:
 * Level 1.1 Fighting
 * Level 2.4 Dodging
 - Level 3.0 Stealth
 * Level 2.6 Spellcasting
 + Level 4.8 Conjurations
 * Level 0.2 Hexes


You had 2 spell levels left.
You knew the following spells:

 Your Spells              Type           Power      Damage    Failure   Level
a - Magic Dart            Conj           96%        1d7       1%          1
b - Searing Ray           Conj           48%        2d6       2%          2
c - Dazzling Flash        Conj/Hex       26%        N/A       14%         3

Your spell library contained the following spells:

 Spells                   Type           Power      Damage    Failure   Level
 Tukima's Dance           Hex            3%         N/A       34%         3
 Fulminant Prism          Conj/Hex       6%         3d7       43%         4
 Iskenderun's Mystic Bla  Conj/Tloc      13%        2d5       43%         4
 Passage of Golubria      Tloc           2%         N/A       78%         4
 Agony                    Necr           2%         N/A       98%         5
 Silence                  Hex/Air        1%         N/A       98%         5
 Yara's Violent Unravell  Hex/Tmut       1%         3d3       98%         5


Dungeon Overview and Level Annotations

Branches:
Dungeon (4/15)              Sewer (1/1)
 Temple: D:4-7

Altars:
Beogh

Annotations:
D:3 3 runed translucent doors, kalagan's ghost, amateur DECj


Innate Abilities, Weirdness & Mutations

You cannot wear most types of armour.
You are amphibious.
You can wear up to eight rings at the same time.
Your skin changes colour to match your surroundings (Stealth+).
Your rubbery body absorbs attacks. (AC +1, EV +1)
((You are camouflaged when in or above water. (Stealth+)))
You have tentacles for arms and can constrict up to eight enemies at once.


Message History

Aiming: Magic Dart (safe; 1% risk of failure)
Press: ? - help, Shift-Dir - straight line, f/p - jackal
Aim: a jackal (100% to hit)
The magic dart hits the jackal.
You kill the jackal!
The river rat bites you!
Casting: Magic Dart (safe; 1% risk of failure)
Confirm with . or Enter, or press ? or * to list all spells.
Aiming: Magic Dart (safe; 1% risk of failure)
Press: ? - help, Shift-Dir - straight line, f - river rat
Aim: a river rat (100% to hit)
The magic dart hits the river rat but does no damage.
The river rat closely misses you.
Casting: Magic Dart (safe; 1% risk of failure)
Confirm with . or Enter, or press ? or * to list all spells.
Aiming: Magic Dart (safe; 1% risk of failure)
Press: ? - help, Shift-Dir - straight line, f/p - river rat
Aim: a river rat (100% to hit)
The magic dart hits the river rat.
The river rat is heavily wounded.
The river rat closely misses you. The adder bites you. The river rat bites you!
* * * LOW HITPOINT WARNING * * *
You feel better. The river rat misses you. The adder misses you.
The river rat misses you.
Casting: Magic Dart (safe; 1% risk of failure)
Confirm with . or Enter, or press ? or * to list all spells.
The spell is quite dangerous to miscast (14% risk of failure)!
Continue anyway?
Casting: Dazzling Flash (quite dangerous; 14% risk of failure)
Press: ? - help, Dir - look around, f - activate
Okay, then.
Unknown command.
Casting: Dazzling Flash (quite dangerous; 14% risk of failure)
Confirm with . or Enter, or press ? or * to list all spells.
The spell is quite dangerous to miscast (14% risk of failure)!
Continue anyway?
Casting: Dazzling Flash (quite dangerous; 14% risk of failure)
Press: ? - help, Dir - look around, f - activate The adder is dazzled.
The adder barely misses you. The river rat bites you!
* * * LOW HITPOINT WARNING * * *
The adder bites you.
You die...

... ..#
##..##
#....##
##.....#
#......#
#∩.....#
##Sr..##
#@r.##
#####


You could see an adder (blind) and 2 river rats.

Vanquished Creatures
  An adder (D:2)
  A worm (D:2)
  A dart slug (D:1)
  An orc (D:4)
  4 ball pythons
  6 endoplasms
  A giant cockroach (D:4)
  7 hobgoblins
  9 jackals
  7 quokkas
  3 bats
  4 frilled lizards
  3 goblins
  3 kobolds (D:2)
  A rat (D:2)
52 creatures vanquished.

Notes
Turn   | Place    | Note
-------+----------+-------------------------------------------
     0 | D:1      | MordorOrchid the Octopode Conjurer began the quest for the
                  | Orb.
     0 | D:1      | Reached XP level 1. HP: 11/11 MP: 3/3
   311 | D:1      | Reached XP level 2. HP: 17/17 MP: 1/5
   314 | D:1      | Learned a level 2 spell: Searing Ray
  1067 | D:1      | Found a faded altar of an unknown god.
  1245 | D:2      | Reached XP level 3. HP: 22/22 MP: 6/6
  1249 | D:2      | Learned a level 3 spell: Dazzling Flash
  1514 | D:2      | Reached skill level 1 in Fighting
  1985 | D:3      | Reached XP level 4. HP: 28/28 MP: 7/7
  2268 | D:3      | Found a runed translucent gate.
  2269 | D:3      | Found a runed translucent gate.
  2269 | D:3      | Identified the +8 dagger of a volcano {flame, rPois rF-
                  | Int+3 Dex+4}
  2269 | D:3      | Identified the +5 chain mail "Dytsaw" {Str+3}
  2270 | D:3      | Found a runed translucent gate.
  2272 | D:3      | Noticed kalagan's ghost (amateur DECj)
  2567 | D:4      | Found a glowing drain.
  2660 | Sewer    | Entered a sewer
  2673 | Sewer    | Slain by an adder

Illustrated notes

Levels and vault maps discovered:
D:1:      minmay_arrival_widening_spiral_wide, layout_basic,
          shapermc_ecumenical_altar_petra
D:2:      layout_rooms
D:3:      layout_rooms, biasface_ghost_orc_armoury, st_stairs_5
D:4:      layout_cave_pools, cheibrodos_ashenzari_chains,
          minmay_temple_entry_antechambers, portal_sewer_entry_f,
          kennysheep_windowed_goal, uniq_sigmund, uniq_eustachio, uniq_duvessa
Sewer:    sewer_fruit_machine

Skill      XL: |  1  2  3 |
---------------+----------+-----
Stealth        | 3 |  3.0
Fighting       | 1 |  1.1
Dodging        | |  2.4
Spellcasting   | |  2.6
Conjurations   | |  4.8
Hexes          | |  0.2

Action                   |  1- 3 |  4- 6 || total
-------------------------+-------+-------++-------
Melee: Unarmed           |    16 |       ||    16
       Tentacles         |     5 |       ||     5
       Constrict         |     4 |     1 ||     5
       Quarterstaff      |       |     4 ||     4
 Cast: Magic Dart        |    67 |    29 ||    96
       Searing Ray       |     1 |       ||     1
       Dazzling Flash    |       |     4 ||     4
  Use: Scroll            |     2 |       ||     2
       Potion            |       |     1 ||     1
 Stab: Sleeping          |     1 |       ||     1
       Invisible         |       |     1 ||     1
Armor: Skin              |     1 |     3 ||     4
Dodge: Dodged            |    12 |    15 ||    27
